 Dungeon Sprint DCSS version 0.17-a0-2115-g0d8b93e (webtiles) character file.

84 Ordine the Covert (level 4, 0/21 HPs)
             Began as a Spriggan Enchanter on Oct 20, 2015.
             Was a Believer of Dithmenos.
             Slain by a wight
             ... wielding a +0 battleaxe
              (2 damage)
             ... in the Dungeon (Sprint VII: "The Pits").
             The game lasted 00:04:44 (463 turns).

Ordine the Covert (Spriggan Enchanter)               Turns: 463, Time: 00:04:44

Health: 0/21       AC:  3    Str:  4    XL:     4   Next: 24%
Magic:  2/9        EV: 17    Int: 17    God:    Dithmenos [**....]
Gold:   0          SH:  0    Dex: 16    Spells: 3 memorised, 2 levels left

rFire  . . .     SeeInvis +     e - +2 dagger (drain)
rCold  . . .     Clarity  .     b - +1 robe
rNeg   . . .     SustAt   .     (shield restricted)
rPois  .         Gourm    .     (helmet restricted)
rElec  .         Spirit   .     (no cloak)
rCorr  .         Warding  .     (gloves unavailable)
rMut   .         NoTele   +     (boots unavailable)
MR     .....                    (no amulet)
Stlth  +++++++...               (no ring)
                                (no ring)

@: wreathed by umbra, drained, very quick, not resistant to hostile
enchantments, extremely stealthy
A: unfitting armour, see invisible, herbivore 3, speed 3, slow metabolism 2
a: Shadow Step, Renounce Religion


You were in the Dungeon.
You worshipped Dithmenos.
Dithmenos was pleased with you.
You were not hungry.

You visited 1 branch

Inventory:

Hand Weapons
 e - a +2 dagger of draining (weapon)
Armour
 b - a +1 robe (worn)
Scrolls
 j - a scroll of blinking
 m - 3 scrolls of remove curse
 n - 5 scrolls of amnesia
 o - a scroll of summoning
Potions
 f - 6 potions of heal wounds
 g - a potion of haste
 h - 4 potions of magic
 i - 3 potions of berserk rage
 k - 5 potions of curing
 l - 2 potions of invisibility
Books
 c - a book of Maledictions

   Spells                             Type                      Level
   a - Corona                         Hexes                        1
   b - Ensorcelled Hibernation        Hexes/Ice                    2
   c - Confuse                        Hexes                        3
   d - Tukima's Dance                 Hexes                        3
   e - Dazzling Spray                 Conjuration/Hexes            3
Comestibles
 a - 40 fruits
 d - 8 bread rations


   Skills:
 - Level 1.1(0.5) Short Blades
 - Level 3.0(2.4) Dodging
 - Level 10.7(10.0) Stealth
 - Level 2.6(2.1) Spellcasting
 + Level 7.5(6.8) Hexes


You had 2 spell levels left.
You knew the following spells:

 Your Spells              Type           Power        Failure   Level  Hunger
a - Corona                Hex            ####...      1%          1    #......
b - Ensorcelled Hibernat  Hex/Ice        ##....       10%         2    ###....
c - Confuse               Hex            ####....     4%          3    ###....


Dungeon Overview and Level Annotations

Branches:
Dungeon (1/1)

Altars:
Ashenzari
Cheibriados
Dithmenos
Elyvilon
Fedhas
Kikubaaqudgha
Makhleb
Nemelex Xobeh
Okawaru
Ru
Sif Muna
Trog
Vehumet
Xom
Yredelemnul
Zin
The Shining One
Beogh
Jiyva
Lugonu


Innate Abilities, Weirdness & Mutations

You are tiny and cannot use many weapons and most armour.
You have supernaturally acute eyesight.
You are a herbivore.
You cover ground extremely quickly.
You need consume almost no food.


Message History

Confirm with . or Enter, or press ? or * to list all spells.
You don't have enough magic to cast that spell.
Casting: Ensorcelled Hibernation
Confirm with . or Enter, or press ? or * to list all spells.
You don't have enough magic to cast that spell.
Casting: Ensorcelled Hibernation
Confirm with . or Enter, or press ? or * to list all spells.
You don't have enough magic to cast that spell.
You barely miss the wight.
The wight is moderately damaged.
The wight completely misses you.
You closely miss the wight.
The wight is moderately damaged.
The wight hits you with a battleaxe.
You hit the wight but do no damage.
The wight is moderately damaged.
The wight hits you with a battleaxe.
* * * LOW HITPOINT WARNING * * *
You feel drained.
You die...

#)))#o#?(##......#..#.
#######o#####...........
#).........÷'...........
#'#####'#####......#..#.
#.#...#.#..##...........
#.#...#o#))#####'#####++
#.#...'.#))##.......#
#r##o####))##.......#
#h#.....#[@##.......#
#.#..÷..#z###...<...#
#.#........##.......#
#o#........##.......#
#'###########.......#
#.o..o..# #########
#o......# #...#.o.#
#zF## z.#


You could see a wight.

Vanquished Creatures
  A wight (D)
  2 adders (D)
  A giant eyeball (D)
  An ooze (D)
  A worm (D)
  2 giant geckos (D)
  An orc (D)
  A giant newt (D)
  A quokka (D)
11 creatures vanquished.

Notes
Turn   | Place    | Note
--------------------------------------------------------------
     0 | D        | Ordine the Spriggan Enchanter began the quest for the Orb.
     0 | D        | Reached XP level 1. HP: 9/9 MP: 5/5
    14 | D        | Reached skill level 5 in Stealth
    36 | D        | Found a sacrificial altar of Ru.
    36 | D        | Found a basalt altar of Yredelemnul.
    36 | D        | Found a shadowy altar of Dithmenos.
    36 | D        | Found a deep blue altar of Sif Muna.
    36 | D        | Found a burning altar of Makhleb.
    36 | D        | Found a shimmering altar of Xom.
    36 | D        | Found an ancient bone altar of Kikubaaqudgha.
    36 | D        | Found a sparkling altar of Nemelex Xobeh.
    37 | D        | Found a glowing golden altar of the Shining One.
    37 | D        | Found a bloodstained altar of Trog.
    37 | D        | Found a shattered altar of Ashenzari.
    37 | D        | Found a white marble altar of Elyvilon.
    37 | D        | Found a snail-covered altar of Cheibriados.
    37 | D        | Found a blossoming altar of Fedhas.
    37 | D        | Found a radiant altar of Vehumet.
    37 | D        | Found a glowing silver altar of Zin.
    37 | D        | Found a corrupted altar of Lugonu.
    37 | D        | Found a viscous altar of Jiyva.
    37 | D        | Found a roughly hewn altar of Beogh.
    37 | D        | Found an iron altar of Okawaru.
    40 | D        | Became a worshipper of Dithmenos the Shadowed
    66 | D        | Reached skill level 7 in Stealth
    70 | D        | Reached * piety under Dithmenos
    70 | D        | Reached skill level 8 in Stealth
    70 | D        | Reached XP level 2. HP: 13/13 MP: 6/6
    73 | D        | Reached skill level 9 in Stealth
    77 | D        | Learned a level 2 spell: Ensorcelled Hibernation
    84 | D        | Reached ** piety under Dithmenos
    84 | D        | Reached skill level 10 in Stealth
    98 | D        | Reached XP level 3. HP: 6/16 MP: 2/8
   220 | D        | Noticed a wight
   221 | D        | Noticed an orc priest
   221 | D        | Noticed an orc wizard
   221 | D        | Noticed a giant frog
   221 | D        | Noticed a wight
   221 | D        | Noticed a wight
   241 | D        | Learned a level 3 spell: Confuse
   248 | D        | Killed a wight
   248 | D        | Reached XP level 4. HP: 21/21 MP: 5/9
   286 | D        | Noticed a wolf
   419 | D        | Noticed a wight
   424 | D        | Noticed a worker ant
   425 | D        | Noticed an orc priest
   463 | D        | Slain by a wight

Vault maps used:
D:        pitsprint

Action                   |  1- 3 |  4- 6 || total
-------------------------+-------+-------++-------
Melee: Dagger            |    22 |    19 ||    41
 Cast: Ensorcelled Hiber |     1 |     2 ||     3
       Corona            |     1 |       ||     1
       Confuse           |     1 |     2 ||     3
  Use: Potion            |     1 |       ||     1
 Stab: Sleeping          |     5 |       ||     5
       Distracted        |     1 |       ||     1
       Confused          |     1 |       ||     1
